 Dungeon Crawl Stone Soup version 0.18.1-8-gdd0e5ea (webtiles) character file.

198 Chemotherapy the Charmwright (level 5, 0/26 HPs)
             Began as a Vine Stalker Skald on May 23, 2016.
             Slain by a big kobold
             ... wielding a +0 short sword
              (4 damage)
             ... in a sewer.
             The game lasted 00:05:16 (1864 turns).

Chemotherapy the Charmwright (Vine Stalker Skald)   Turns: 1864, Time: 00:05:17

Health: 0/26       AC:  3    Str: 15    XL:     5   Next: 77%
Magic:  0/10       EV: 11    Int: 13    God:
Gold:   124        SH:  0    Dex: 13    Spells: 4 memorised, 1 level left

rFire  . . .     SeeInvis .     a - +0 spear
rCold  . . .     Gourm    .     b - +0 leather armour
rNeg   . . .     Faith    .     (no shield)
rPois  .         Spirit   +     (no helmet)
rElec  .         Dismiss  .     (no cloak)
rCorr  .         Reflect  .     (no gloves)
SustAt .         Harm     .     (no boots)
MR     .....                    (no amulet)
Stlth  +.........               (no ring)
                                (no ring)

@: lethally poisoned (0 -> -1), infused, very slightly contaminated, not
resistant to hostile enchantments, very unstealthy
A: fangs 2, regeneration 1, magic shield, antimagic bite, no device heal 3, rot
immunity
a: no special abilities


You were in a sewer.
You were not hungry.

You visited 1 branch of the dungeon, and saw 3 of its levels.
You also visited: Sewer.

You collected 124 gold pieces.

Inventory:

Hand Weapons
 a - a +0 spear (weapon)
Armour
 b - a +0 leather armour (worn)
Scrolls
 f - a scroll of immolation {unknown}
 g - 3 scrolls of identify {unknown}
 i - a scroll of amnesia {unknown}
 m - a scroll of remove curse {unknown}
 n - a scroll of fear {unknown}
Potions
 e - a potion of curing {unknown}
 k - a potion of magic {unknown}
 o - a potion of heal wounds {unknown}
Books
 c - a book of Battle
Comestibles
 d - 2 bread rations {@e1}
 h - a meat ration {@e2}
 j - 2 beef jerkies
 l - 3 fruits


   Skills:
 - Level 1.7 Fighting
 * Level 3.4 Polearms
 - Level 0.7 Armour
 - Level 0.7 Dodging
 + Level 3.0 Spellcasting
 * Level 4.1 Charms
 + Level 1.0 Necromancy
 + Level 1.6 Translocations


You had one spell level left.
You knew the following spells:

 Your Spells              Type           Power        Failure   Level  Hunger
a - Infusion              Chrm           ##..         8%          1    #......
r - Regeneration          Chrm/Necr      #.........   34%         3    ###....
s - Shroud of Golubria    Chrm/Tloc      #.........   14%         2    ##.....
z - Spectral Weapon       Hex/Chrm       #.......     38%         3    ###....


Dungeon Overview and Level Annotations

Branches:
Dungeon (3/15)

Altars:
Dithmenos
Gozag
Pakellas
Qazlal


Innate Abilities, Weirdness & Mutations

You have extremely sharp teeth.
Your natural rate of healing is unusually fast.
When hurt, damage is shared between your health and your magic reserves.
Your bite disrupts and absorbs the magic of your enemies.
Potions and wands cannot restore your health.
You are immune to rotting.


Message History

You regained 3 hp, and now have 25/26 hp.
A rat comes into view.
You hit the rat.
You kill the rat!
Health restored: 26 You closely miss the rat.
You hit the rat.
You kill the rat!
The rat bites you but does no damage.
You hit the rat.
You kill the rat!
The rat barely misses you.
You hit the rat but do no damage. Your bite misses the rat.
The rat closely misses you.
You barely miss the rat. Your bite misses the rat.
The rat bites you but does no damage.
You hit the rat but do no damage. Your bite misses the rat.
The rat closely misses you.
A rat is nearby!
You hit the rat. You bite the rat. You drain its power.
The rat barely misses you.
You hit the rat.
You kill the rat!
No target in view!
You see here a rat corpse.
You butcher the rat corpse.
p - a chunk of flesh {@w0} You see here a rat skeleton.
Eating a chunk of flesh {@w0}.
You continue eating. x2
You open the door.
A kobold and 2 big kobolds come into view.
The kobold shouts!
The big kobold throws a stone.
The stone barely misses you.
You miscast Shroud of Golubria.
You are very lightly contaminated with residual magic.
Nothing appears to happen.
The kobold wields a blowgun.
The kobold shoots a poisoned needle.
The poisoned needle hits you!
You are poisoned.
The big kobold throws a stone.
The stone misses you.
You now have 8/10 mp.
Space distorts slightly along a thin shroud covering your body.
You feel sick.
The kobold shoots a poisoned needle.
The poisoned needle hits you!
You are more poisoned.
You take 1 damage, and have 25/26 hp.
You now have 6/10 mp.
You begin infusing your attacks with magical energy.
You feel sick.
You take 1 damage, and have 24/26 hp.
You now have 5/10 mp.
You barely miss the big kobold. Your bite misses the big kobold.
You feel sick.
Your shroud bends the big kobold's attack away!
You take 1 damage, and have 23/26 hp.
You barely miss the big kobold.
You feel sick.
Your shroud bends the big kobold's attack away.
You barely miss the big kobold.
Your shroud begins to fray at the edges.
You feel sick. The big kobold barely misses you.
You take 1 damage, and have 22/26 hp.
You hit the big kobold.
You feel sick.
You take 1 damage, and have 21/26 hp.
You feel sick. The big kobold hits you!
Your shroud falls apart!
The kobold unwields an uncursed blowgun.
The kobold barely misses you.
The big kobold hits you with a short sword.
There is an open door, spattered with blood here.
You take 9 damage, and have 12/26 hp.
MASSIVE DAMAGE!!
You now have 3/10 mp.
You feel sick.
The big kobold hits you with a short sword.
The big kobold hits you.
You see here 2 poisoned needles.
You take 2 damage, and have 10/26 hp.
Okay, then.
You hit the big kobold.
You feel sick. The big kobold closely misses you.
You take 1 damage, and have 9/26 hp.
You now have 2/10 mp.
You hit the big kobold but do no damage.
Your bite misses the big kobold. You closely miss the big kobold.
You bite the big kobold, but do no damage.
You feel sick.
The big kobold hits you but does no damage. x2
The kobold hits you.
* * * LOW HITPOINT WARNING * * *
You take 4 damage, and have 5/26 hp.
You now have 1/10 mp.
Unknown command.
You hit the big kobold. The big kobold closely misses you.
The big kobold barely misses you. The kobold hits you but does no damage.
You now have 0/10 mp.
You hit the big kobold but do no damage.
You feel sick. The big kobold misses you. The big kobold closely misses you.
The kobold hits you but does no damage.
You take 1 damage, and have 5/26 hp.
Unknown command.
You closely miss the big kobold.
You bite the big kobold, but do no damage.
You feel sick.
The big kobold hits you with a short sword.
You die...

≈≈≈≈≈≈≈≈≈≈≈≈≈≈≈≈≈≈≈≈≈
≈≈≈≈≈≈≈≈≈≈≈≈≈≈≈≈≈≈≈≈≈
≈≈≈≈≈≈≈≈≈≈≈≈≈≈≈≈≈≈≈≈
≈≈≈≈≈≈≈≈≈≈≈≈≈≈≈≈≈≈≈ ≈##
####≈≈≈≈≈≈≈≈≈≈≈≈≈≈≈≈≈
≈#!.#..#≈≈≈≈≈≈..≈≈≈≈≈≈≈≈≈
≈#.....#K.≈.≈≈≈..........
#....K@...(...÷........
≈#.....#K.......†..##....
≈#!.#..##........#####...
≈## ### ####...######...#
##### #∩..### #####


You could see 2 big kobolds and a kobold.

Vanquished Creatures
  Natasha (thrice) (D:2)
  3 adders
  An ooze (D:2)
  3 worms
  5 dart slugs
  2 giant geckos
  5 orcs (D:3)
  A giant cockroach (D:3)
  7 goblins
  6 hobgoblins
  10 jackals
  7 kobolds
  A ball python (D:2)
  3 bats
  A giant gecko skeleton (D:3)
  2 giant newts
  10 rats
70 creatures vanquished.

Notes
Turn   | Place    | Note
--------------------------------------------------------------
     0 | D:1      | Chemotherapy the Vine Stalker Skald began the quest for the Orb.
     0 | D:1      | Reached XP level 1. HP: 11/11 MP: 4/4
   155 | D:1      | Reached skill level 2 in Polearms
   226 | D:1      | Reached XP level 2. HP: 15/15 MP: 6/6
   233 | D:1      | Learned a level 2 spell: Shroud of Golubria
   466 | D:1      | Reached XP level 3. HP: 18/18 MP: 7/7
   734 | D:2      | Reached skill level 1 in Translocations
   743 | D:2      | Reached XP level 4. HP: 10/23 MP: 3/8
   784 | D:2      | Learned a level 3 spell: Regeneration
   798 | D:2      | Found a shadowy altar of Dithmenos.
   867 | D:2      | Reached skill level 3 in Polearms
  1039 | D:2      | Found a stormy altar of Qazlal.
  1095 | D:2      | Noticed Natasha
  1111 | D:2      | Killed Natasha
  1160 | D:2      | Found an opulent altar of Gozag.
  1210 | D:2      | Noticed Natasha
  1221 | D:2      | Killed Natasha
  1221 | D:2      | Reached XP level 5. HP: 24/26 MP: 5/10
  1257 | D:2      | Found an oddly glowing altar of Pakellas.
  1471 | D:2      | Noticed Natasha
  1483 | D:2      | Killed Natasha
  1483 | D:2      | Reached skill level 4 in Charms
  1557 | D:3      | Learned a level 3 spell: Spectral Weapon
  1723 | D:3      | Reached skill level 3 in Spellcasting
  1788 | D:3      | Reached skill level 1 in Necromancy
  1804 | D:3      | Found a glowing drain.
  1808 | Sewer    | Entered a sewer
  1849 | Sewer    | Noticed a big kobold
  1849 | Sewer    | Noticed a big kobold
  1861 | Sewer    | HP: 5/26 [kobold (3)]
  1864 | Sewer    | Slain by a big kobold

Skill      XL: |  1  2  3  4  5 |
---------------+----------------+-----
Polearms       | 2 3 |  3.4
Translocations | 1 |  1.6
Charms         | 4 |  4.1
Spellcasting   | 3 |  3.0
Necromancy     | 1 |  1.0
Fighting       | |  1.7
Armour         | |  0.7
Dodging        | |  0.7

Action                   |  1- 3 |  4- 6 || total
-------------------------+-------+-------++-------
Melee: Spear             |   128 |   163 ||   291
       Bite              |    23 |    32 ||    55
 Cast: Infusion          |     1 |     6 ||     7
       Shroud of Golubri |     2 |     5 ||     7
  Use: Potion            |     1 |       ||     1
 Stab: Sleeping          |       |     1 ||     1
  Eat: Chunk             |       |     5 ||     5
Armor: Leather armour    |    31 |    19 ||    50
Dodge: Dodged            |    77 |    67 ||   144

Vault maps used:
D:1:      dpeg_arrival_chambers_temple_mockup
D:2:      grunt_pakellas_salt, nicolae_gozag_cash_rules_everything_around_me,
          marbit_many_paths, grunt_ministairs_12,
          nicolae_dithmenos_shadow_blocks, uniq_natasha
D:3:      gup_sewer_entry_bowl, minmay_misc_feat_alley
Sewer:    sewer_minmay_treatment

Table legend:
 A = Turns spent in this place as a percentage of turns spent in the entire game.
 B = Non-inter-level travel turns spent in this place as a percentage of non-inter-level travel turns spent in the entire game.
 C = Inter-level travel turns spent in this place as a percentage of turns spent in this place.
 D = Turns resting spent in this place as a percentage of non-inter-level travel turns spent in this place.
 E = Turns spent auto-exploring this place as a percentage of non-inter-level travel turns spent in this place.
 F = Non-inter-level travel turns spent in this place divided by the number of levels of this place that you've seen.
                   A       B       C       D       E      F
               +-------+-------+-------+-------+-------+----------------------
         Total | 100.0 | 100.0 |   0.4 |   4.4 |   9.3 | 170.0
       Dungeon |  94.7 |  94.7 |   0.5 |   4.7 |   9.3 | 214.7
         Sewer |   5.3 |   5.3 |   0.0 |   0.0 |   8.3 |  36.0
               +-------+-------+-------+-------+-------+----------------------

Table legend:
 A = Kills in this place as a percentage of kills in entire the game.
 B = Kills by you in this place as a percentage of kills by you in the entire game.
 C = Kills by friends in this place as a percentage of kills by friends in the entire game.
 D = Other kills in this place as a percentage of other kills in the entire game.
 E = Experience gained in this place as a percentage of experience gained in the entire game.
 F = Experience gained in this place divided by the number of levels of this place that you have seen.
                   A       B       C       D       E      F
               +-------+-------+-------+-------+-------+----------------------
         Total | 100.0 | 100.0 |  -nan |  -nan | 100.0 |  71.0
       Dungeon |  94.3 |  94.3 |  -nan |  -nan |  98.6 |  93.3
         Sewer |   5.7 |   5.7 |  -nan |  -nan |   1.4 |   4.0
               +-------+-------+-------+-------+-------+----------------------
